 Dungeon Crawl Stone Soup version 0.31-a0-1343-gcd514f47d3 (webtiles) character file.

Game seed: 10829018003971712065

1164 laxxanmousse the Trooper (level 8, -3/52 HPs)
             Began as a Gargoyle Fighter on Dec 22, 2023.
             Was an Initiate of Wu Jian.
             Slain by a gnoll sergeant
             ... wielding a +1 trident of freezing
              (5 damage)
             ... on level 6 of the Dungeon.
             The game lasted 00:19:01 (4962 turns).

laxxanmousse the Trooper (Gargoyle Fighter)         Turns: 4962, Time: 00:19:01

Health: -3/52      AC: 13    Str: 26    XL:     8   Next: 40%
Magic:  8/8        EV:  9    Int:  6    God:    Wu Jian [......]
Gold:   313        SH:  5    Dex:  8    Spells: 7/7 levels left

rFire   . . .        a - +1 flail
rCold   . . .        c - +0 buckler
rNeg    + . .        b - +0 scale mail
rPois   ∞            (no helmet)
rElec   +            (no cloak)
rCorr   .            j - +0 pair of gloves
SInv    .            (no boots)
Will    ++...        l - amulet of regeneration Stlth
                     q - ring of willpower
HPRegen 1.08/turn    (no ring)
MPRegen 0.11/turn

%: no passive effects
@: on berserk cooldown, slowed, very slow
A: sickness immunity, AC +5, negative energy resistance 1, electricity
resistance, torment resistance 1, petrification resistance, dopey 1,
strong-willed 1, strong 1, wild magic 1
a: Renounce Religion


You were on level 6 of the Dungeon.
You worshipped Wu Jian.
Wu Jian was noncommittal.
You visited 2 branches of the dungeon, and saw 7 of its levels.

You collected 313 gold pieces.

Inventory:

Hand Weapons
 a - a +1 flail (weapon)
Armour
 b - a +0 scale mail (worn)
 c - a +0 buckler (worn)
 j - a +0 pair of gloves (worn)
Jewellery
 l - an amulet of regeneration (around neck)
 q - a ring of willpower (left hand)
Wands
 g - a wand of charming (6)
 k - a wand of mindburst (10)
 p - a wand of roots (7)
Scrolls
 i - 3 scrolls of amnesia
Potions
 e - a potion of mutation
 f - a potion of cancellation
 m - 5 potions of lignification
 s - a potion of magic {unknown}
 t - a potion of degeneration {unknown}


   Skills:
 + Level 6.3 Fighting
 + Level 5.4 Maces & Flails
 - Level 4.1 Armour
 - Level 0.5 Dodging
 + Level 6.3 Shields
 + Level 2.9 Evocations


You had 7 spell levels left.
You didn't know any spells.
Your spell library contained the following spells:

 Spells                   Type           Power      Damage    Failure   Level
 Apportation              Tloc           0%         N/A       85%         1
 Slow                     Hex            0%         N/A       85%         1
 Jinxbite                 Hex            0%         N/A       93%         2
 Confusing Touch          Hex            0%         N/A       99%         3
 Fugue of the Fallen      Necr           0%         N/A       99%         3
 Ozocubu's Armour         Ice            0%         N/A       99%         3
 Sigil of Binding         Hex            0%         N/A       99%         3
 Vampiric Draining        Necr           0%         2d6       99%         3
 Manifold Assault         Tloc           0%         N/A       100%        4
 Alistair's Intoxication  Alch           0%         N/A       100%        5


Dungeon Overview and Level Annotations

Branches:
Dungeon (6/15)             Temple (1/1) D:5

Altars:
Ashenzari
Cheibriados
Dithmenos
Elyvilon
Fedhas
Gozag
Hepliaklqana
Kikubaaqudgha
Makhleb
Okawaru
Qazlal
Ru
Sif Muna
Trog
Uskayaw
Vehumet
Wu Jian
Xom
Yredelemnul
Zin
The Shining One


Innate Abilities, Weirdness & Mutations

You are immune to sickness and miasma.
Your stone body is resilient. (AC +5)
You are immune to poison.
You resist negative energy. (rN+)
You are resistant to electric shocks. (rElec)
You are resistant to unholy torment.
You are immune to petrification.
You are dopey. (Int -2)
You are strong-willed. (Will+)
Your muscles are strong. (Str +4, Int/Dex -1)
Your spells are a little harder to cast, but a little more powerful.


Message History

You closely miss the phantom.
The phantom is heavily damaged.
The phantom hits you but does no damage.
You bludgeon the phantom!!
You destroy the phantom!
The Council accepts your kill.
You sock the ice beast!
The ice beast is heavily wounded.
You sock the ice beast!
You kill the ice beast!
The Council accepts your kill. The gnoll sergeant barely misses you.
You feel a strong urge to attack something.
You are no longer berserk.
You are exhausted.
You feel yourself slow down.
The gnoll sergeant attacks as it pursues you!
The gnoll sergeant barely misses you.
The gnoll sergeant hits you from afar with a +1 trident of freezing.
* * * LOW HITPOINT WARNING * * *
The gnoll sergeant freezes you.
* * * LOW HITPOINT WARNING * * *
It was a potion of ambrosia.
You are confused.
You feel invigorated.
The gnoll sergeant hits you from afar with a +1 trident of freezing.
* * * LOW HITPOINT WARNING * * *
The gnoll sergeant freezes you.
* * * LOW HITPOINT WARNING * * *
The gnoll hits you but does no damage.
You feel less invigorated.
You feel less confused.
The gnoll sergeant hits you with a +1 trident of freezing.
The gnoll sergeant freezes you.
* * * LOW HITPOINT WARNING * * *
The gnoll closely misses you.
The gnoll sergeant hits you with a +1 trident of freezing!
* * * LOW HITPOINT WARNING * * *
The gnoll sergeant freezes you.
You die...

.## ... #...#...#..
...##.##...#...#..
..###.†###.###..#
...#....g.gg...#
...#..###.###..#
##.#..##...#...#..
#..##..#...#...#..
#####.###..#...#..###.
#....@gg....###..#...#
#.....g......#...#..g#
#............#..##...#
#.?.......###..#..###.
#..............#......
#.........##...#......
#.........##..........
#.........##..........
#..........


You could see a gnoll sergeant and 2 gnolls.

Vanquished Creatures
  Sigmund (D:3)
  Eustachio (D:5)
  An ice beast (D:6)
  An ogre (D:4)
  A phantom (D:6)
  A gnoll sergeant (D:6)
  2 hounds
  An orc priest (D:5)
  4 iguanas
  2 orc wizards
  10 gnolls
  5 adders
  2 bombardier beetles
  2 ufetubi (D:6)
  4 worms
  5 dart slugs
  25 orcs
  7 ball pythons
  8 endoplasms
  2 giant cockroaches
  5 goblins
  6 hobgoblins
  3 jackals (D:4)
  A quokka (D:3)
  9 bats
  2 frilled lizards (D:3)
  6 kobolds
  7 rats
124 creatures vanquished.

Notes
Turn   | Place    | Note
-------+----------+-------------------------------------------
     0 | D:1      | laxxanmousse the Gargoyle Fighter began the quest for the
                  | Orb.
     0 | D:1      | Reached XP level 1. HP: 14/14 MP: 1/1
   183 | D:1      | Reached XP level 2. HP: 19/19 MP: 2/2
   633 | D:1      | Reached XP level 3. HP: 9/23 MP: 3/3
  1890 | D:2      | Reached XP level 4. HP: 26/28 MP: 4/4
  2082 | D:2      | Gained mutation: You are dopey. (Int -2) [potion of
                  | mutation]
  2082 | D:2      | Gained mutation: You have hidden genetic potential. [potion
                  | of mutation]
  2082 | D:2      | Gained mutation: You are strong-willed. (Will+) [potion of
                  | mutation]
  2124 | D:3      | Found a faded altar of an unknown god.
  2124 | D:3      | Found an opulent altar of Gozag.
  2331 | D:3      | Reached XP level 5. HP: 33/33 MP: 5/5
  2494 | D:3      | Gained mutation: Your muscles are strong. (Str +4, Int/Dex
                  | -1) [hidden potential]
  2519 | D:3      | Noticed Sigmund
  2526 | D:3      | Killed Sigmund
  2527 | D:3      | Reached XP level 6. HP: 39/39 MP: 6/6
  2536 | D:3      | Gained mutation: Your spells are a little harder to cast,
                  | but a little more powerful. [hidden potential]
  2536 | D:3      | Lost mutation: You have hidden genetic potential. [hidden
                  | potential expressed]
  2996 | D:4      | Reached skill level 5 in Shields
  3045 | D:4      | Reached skill level 5 in Fighting
  3045 | D:4      | Reached XP level 7. HP: 34/44 MP: 7/7
  3452 | D:4      | Reached skill level 1 in Evocations
  3567 | D:5      | Entered Level 5 of the Dungeon
  3764 | D:5      | Found a staircase to the Ecumenical Temple.
  3772 | Temple   | Entered the Ecumenical Temple
  4027 | Temple   | Became a worshipper of the Wu Jian Council
  4095 | D:5      | Noticed Eustachio
  4403 | D:5      | Killed Eustachio
  4604 | D:6      | Reached skill level 5 in Maces & Flails
  4604 | D:6      | Reached XP level 8. HP: 38/51 MP: 8/8
  4962 | D:6      | HP: 2/52 [gnoll sergeant/+1 trident of freezing (13)]
  4962 | D:6      | Slain by a gnoll sergeant

Illustrated notes

Levels and vault maps discovered:
D:1:      wheals_arrival_shading, layout_basic
D:2:      layout_loops_corners
D:3:      layout_loops_ring, amcnicky_altar_gilded, basic_ecumenical_altar,
          kennysheep_generic_room_15, uniq_sigmund
D:4:      layout_rooms, serial_aquarium, aquarium_bridge_island_small
          [aquarium_subvault_small_water, aquarium_subvault_bridge,
          aquarium_subvault_wall, aquarium_subvault_bridge,
          aquarium_subvault_balcony], aquarium_window_1, aquarium_window_fake,
          aquarium_window_2, aquarium_window_2, aquarium_view_2f,
          aquarium_view_2d, chequers_serial_rivers_marsh
D:5:      layout_rooms, minmay_temple_entry_glassed_door, uniq_eustachio
D:6:      layout_rooms, nicolae_titane
Temple:   mainiacjoe_temple_cubbyholes

Skill      XL: |  1  2  3  4  5  6  7  8 |
---------------+-------------------------+-----
Armour         | 4 |  4.1
Maces & Flails | 3 4 5 |  5.4
Shields        | 4 5 6 |  6.3
Fighting       | 4 5 6 |  6.3
Evocations     | 2 |  2.9
Dodging        | |  0.5

Action                     |  1- 3 |  4- 6 |  7- 9 || total
---------------------------+-------+-------+-------++-------
  Melee: Flail             |   155 |   122 |   231 ||   508
Ability: Lunge             |       |       |     7 ||     7
    Use: Scroll            |       |    10 |     6 ||    16
         Potion            |       |     4 |     5 ||     9
 Armour: Scale mail        |   121 |    92 |   253 ||   466
  Dodge: Dodged            |   100 |    49 |   142 ||   291
  Block: Buckler           |    54 |    38 |    68 ||   160

Table legend: (Time is in decaauts)
 A = Elapsed time spent in this place.
 B = Non-inter-level travel time spent in this place.
 C = Inter-level travel time spent in this place.
 D = Time resting spent in this place.
 E = Time spent auto-exploring this place.
 F = Levels seen in this place.
 G = Mean time per level.
                   A        B        C        D        E       F      G
               +--------+--------+--------+--------+--------+-----+--------+
         Total |   5055 |   4720 |    335 |    136 |   3127 |   7 |  722.1 |
       Dungeon |   4745 |   4465 |    280 |    136 |   3127 |   6 |  790.8 |
        Temple |    309 |    254 |     55 |      0 |      0 |   1 |  309.0 |
               +--------+--------+--------+--------+--------+-----+--------+

Top non-repeatable levels by time:
     D:1: 1260 daAuts
     D:2: 918 daAuts
     D:5: 818 daAuts
     D:3: 769 daAuts
     D:4: 709 daAuts
  Temple: 309 daAuts
     D:6: 268 daAuts
